Map: New Gettysburg LE

Players

Gracz - Winner!

  • Race: Protoss Protoss
  • League: Silver

petros

  • Race: Protoss Protoss

VOD

Have the link to the VOD?

Description

Time

  • Played on: Oct. 22, 2016, 12:26 p.m.
  • Length: 9:33
Show
View Real Time Build Order
Export as new Build Order

Gracz Protoss - Winner!

Build Orders:  

Get SALT Encoding   

  12  0:01  Probe (Chrono Boost)  
  13  0:13  Pylon  
  13  0:31  Probe (Chrono Boost)  
  14  0:40  Gateway  
  14  0:42  Probe (Chrono Boost)  
  15  0:47  Assimilator  
  15  1:07  Probe (Chrono Boost)  
  16  1:18  Assimilator, Probe (Chrono Boost)  
  17  1:25  Gateway  
  17  1:28  Probe (Chrono Boost)  
  17  1:32  Cybernetics Core  
  18  1:37  Pylon  
  18  1:43  Pylon  
  18  1:45  Probe (Chrono Boost)  
  19  1:59  Probe (Chrono Boost)  
  20  2:09  Probe (Chrono Boost)  
  20  2:14  Stargate, Warp Gate  
  21  2:40  Stargate  
  21  2:41  Stalker  
  23  3:02  Unknown, Nexus  
  23  3:08  Pylon  
  23  3:38  Stargate  
  23  3:51  Probe (Chrono Boost)  
  24  3:56  Void Ray  
  29  4:03  Probe (Chrono Boost)  
  29  4:08  Protoss Air Weapons Level 1  
  29  4:14  Unknown  
  29  4:17  Probe (Chrono Boost)  
  29  4:18  Probe (Chrono Boost)  
  29  4:28  Mothership Core (Chrono Boost)  
  29  4:30  Probe (Chrono Boost)  
  32  4:31  Assimilator  
  32  4:33  Assimilator  
  32  4:43  Probe (Chrono Boost)  
  33  4:46  Probe (Chrono Boost)  
  34  4:55  Probe (Chrono Boost)  
  34  4:57  Probe (Chrono Boost)  
  34  4:59  Void Ray  
  41  5:07  Probe x2 (Chrono Boost)  
  42  5:18  Probe (Chrono Boost)  
  42  5:19  Probe (Chrono Boost)  
  44  5:31  Probe (Chrono Boost)  
  44  5:35  Void Ray  
  45  5:36  Void Ray  
  53  6:19  Unknown, Nexus  
  53  6:21  Pylon  
  53  6:22  Void Ray  
  57  6:26  Pylon  
  57  6:27  Assimilator  
  57  6:32  Assimilator  
  57  6:34  Void Ray  
  63  6:50  Oracle  
  61  7:01  Probe x2 (Chrono Boost)  
  66  7:13  Probe x2 (Chrono Boost)  
  68  7:16  Oracle, Void Ray  
  75  7:25  Probe (Chrono Boost)  
  75  7:27  Void Ray  
  76  7:30  Unknown  
  76  7:52  Void Ray  
  76  7:57  Void Ray  
  76  8:06  Probe (Chrono Boost)  
  76  8:07  Probe (Chrono Boost)  
  76  8:08  Probe (Chrono Boost), Void Ray  
  79  8:19  Probe (Chrono Boost)  
  85  8:20  Probe (Chrono Boost)  
  85  8:43  Pylon  
  85  8:50  Pylon  
  85  9:02  Probe (Chrono Boost)  
  92  9:03  Probe x2 (Chrono Boost)  
Show
View Real Time Build Order
Export as new Build Order

petros Protoss 

Build Orders:  

Get SALT Encoding   

  12  0:02  Probe (Chrono Boost)  
  13  0:17  Pylon  
  13  0:19  Probe (Chrono Boost)  
  14  0:30  Probe (Chrono Boost)  
  15  0:41  Gateway  
  15  0:45  Assimilator  
  15  0:47  Probe (Chrono Boost)  
  16  1:04  Gateway  
  16  1:05  Probe (Chrono Boost)  
  17  1:17  Probe (Chrono Boost)  
  18  1:33  Probe (Chrono Boost)  
  18  1:35  Cybernetics Core  
  19  1:57  Gateway  
  19  1:58  Zealot x2  
  23  2:04  Pylon  
  23  2:07  Assimilator  
  23  2:20  Robotics Facility  
  23  2:24  Pylon  
  23  2:27  Probe (Chrono Boost)  
  24  2:38  Probe (Chrono Boost)  
  24  2:39  Stalker  
  27  2:49  Stalker  
  29  3:05  Twilight Council  
  29  3:09  Zealot  
  31  3:13  Probe (Chrono Boost)  
  32  3:31  Immortal  
  36  3:36  Adept  
  36  3:40  Charge  
  38  4:07  Pylon  
  38  4:29  Unknown, Nexus  
  38  4:35  Zealot  
  40  5:03  Immortal  
  42  5:34  Stalker x2  
  44  5:40  Unknown  
  44  5:44  Stalker  
  46  5:50  Probe (Chrono Boost)  
  47  6:04  Stalker x2  
  51  6:14  Zealot  
  53  6:26  Probe (Chrono Boost)  
  50  6:34  Stalker x2  
  54  6:41  Stalker  
  56  6:53  Probe (Chrono Boost)  
  57  7:01  Gateway  
  57  7:03  Probe (Chrono Boost)  
  57  7:04  Stalker x2  
  57  7:06  Pylon  
  62  7:24  Stalker, Probe (Chrono Boost)  
  65  7:34  Probe (Chrono Boost)  
  64  7:42  Stargate  
  34  8:06  Stalker x2  
  34  8:07  Stalker x2  
  42  8:15  Stargate  
  42  8:16  Stargate  
  42  8:32  Probe (Chrono Boost)  
  42  8:34  Forge  
  43  8:35  Void Ray  
  47  8:43  Probe (Chrono Boost)  
  48  8:53  Probe (Chrono Boost)  
  49  8:57  Unknown, Nexus  
Tags
 
Add a new tag
Caveats
  • Supply blocks, unpowered buildings, or Contaminate may cause inaccurate times.
  • Supply counts are checked every 10 seconds.